 Dungeon Crawl Stone Soup version 0.29.1-13-g9f3cf754e1 (webtiles) character file.

Game seed: 423825148431173418

27 booth the Sneak (level 2, 0/19 HPs)
             Began as a Demonspawn Enchanter on Jan 21, 2023.
             Succumbed to an adder's poison
             ... on level 2 of the Dungeon.
             The game lasted 00:11:54 (2137 turns).

booth the Sneak (Demonspawn Enchanter)              Turns: 2137, Time: 00:11:54

Health: 0/19       AC:  2    Str:  8    XL:     2   Next: 93%
Magic:  7/14       EV: 14    Int: 16    God:
Gold:   96         SH:  0    Dex: 13    Spells: 3/5 levels left

rFire   . . .      SeeInvis .   a - +1 dagger
rCold   . . .      Faith    .   (no shield)
rNeg    . . .      Spirit   .   b - +0 robe
rPois   .          Reflect  .   (no helmet)
rElec   .          Harm     .   (no cloak)
rCorr   .          Rampage  .   (no gloves)
Will    .....                   (no boots)
Stlth   ++........              (no amulet)
HPRegen 0.06/turn               i - ring of magical power
MPRegen 0.14/turn               h - +4 ring of slaying

@: lethally poisoned (0 -> -7), very slightly contaminated
A: repulsion field 1
a: no special abilities


You were on level 2 of the Dungeon.
You visited 1 branch of the dungeon, and saw 2 of its levels.

You collected 96 gold pieces.

Inventory:

Hand Weapons
 a - a +1 dagger (weapon)
 k - a +0 mace
Missiles
 l - 5 boomerangs (quivered)
Armour
 b - a +0 robe (worn)
Jewellery
 h - a +4 ring of slaying (right hand)
 i - a ring of magical power (left hand)
Scrolls
 g - a scroll of silence
 j - 3 scrolls of identify
 m - a scroll of vulnerability {unknown}
Potions
 c - 2 potions of invisibility
 d - a potion of attraction
 e - 2 potions of brilliance
 f - 3 potions of curing


   Skills:
 + Level 1.1 Short Blades
 + Level 2.3 Dodging
 + Level 3.2 Stealth
 + Level 2.0 Spellcasting
 + Level 3.1 Hexes


You had 3 spell levels left.
You knew the following spells:

 Your Spells              Type           Power      Damage    Failure   Level
a - Ensorcelled Hibernat  Hex/Ice        12%        N/A       16%         2

Your spell library contained the following spells:

 Spells                   Type           Power      Damage    Failure   Level
 Confusing Touch          Hex            11%        N/A       17%         3
 Tukima's Dance           Hex            11%        N/A       17%         3
 Dazzling Flash           Conj/Hex       12%        N/A       32%         3


Dungeon Overview and Level Annotations

Branches:
Dungeon (2/15)

Altars:


Innate Abilities, Weirdness & Mutations

You are surrounded by a mild repulsion field. (EV +2)


Message History

You are poisoned.
The adder poisons you! The hobgoblin misses you.
Casting: Ensorcelled Hibernation (safe; 16% risk of failure)
Confirm with . or Enter, or press ? or * to list all spells.
Aiming: Ensorcelled Hibernation (safe; 16% risk of failure)
Press: ? - help, Shift-Dir - straight line, f/p - adder
Aim: an adder (not susceptible)
The adder is unaffected.
You feel sick. The adder misses you. The adder bites you.
The hobgoblin barely misses you.
Casting: Ensorcelled Hibernation (safe; 16% risk of failure)
Confirm with . or Enter, or press ? or * to list all spells.
Aiming: Ensorcelled Hibernation (safe; 16% risk of failure)
Press: ? - help, Shift-Dir - straight line, f/p - adder
Aim: an adder (not susceptible)
The adder is unaffected.
You feel sick. The adder barely misses you. The hobgoblin closely misses you.
You feel sick. The adder barely misses you.
You closely miss the adder.
You feel sick. The adder barely misses you.
The hobgoblin hits you but does no damage.
You hit the adder but do no damage.
You feel sick.
You are no longer poisoned.
The adder barely misses you. The adder bites you.
* * * LOW HITPOINT WARNING * * *
Casting: Ensorcelled Hibernation (safe; 16% risk of failure)
Confirm with . or Enter, or press ? or * to list all spells.
Aiming: Ensorcelled Hibernation (safe; 16% risk of failure)
Press: ? - help, Shift-Dir - straight line, f/p - adder
Aim: an adder (not susceptible)
You miscast Ensorcelled Hibernation.
You are very lightly contaminated with residual magic.
Nothing appears to happen.
The hobgoblin misses you. The adder completely misses you.
You barely miss the adder. The hobgoblin barely misses you.
The adder bites you.
* * * LOW HITPOINT WARNING * * *
You are lethally poisoned!
The adder poisons you!
You hit the adder.
The adder is lightly wounded.
You die...

#.###..#....##.#)###.###......#
..# .....##.##.#.# #.#######.##
### #.#..#..##...# #.........#
# #.#..#.###################
#.#......#....#.........#
#........S....#.........#
#.....####......>.......#
#.#.###.# #.##S..........#
#.......# #..g@..........#
#...g.S..#######..........#
....#..!..##...............#
##.##.....##...............#
........##.......#########
.##.....##.......# ##.
#.....##.......# >..
......##.......# #.#
.....#######.##


You could see an adder and a hobgoblin.

Vanquished Creatures
  2 dart slugs (D:1)
  5 bats (D:1)
  An endoplasm (D:1)
  2 goblins
  4 hobgoblins
  A jackal (D:2)
  A quokka (D:1)
  3 ball pythons
  A frilled lizard (D:2)
  A rat (D:1)
21 creatures vanquished.

Notes
Turn   | Place    | Note
-------+----------+-------------------------------------------
     0 | D:1      | booth the Demonspawn Enchanter began the quest for the Orb.
     0 | D:1      | Reached XP level 1. HP: 13/13 MP: 3/3
   500 | D:1      | Gained mutation: You are surrounded by a mild repulsion
                  | field. (EV +2) [demonic ancestry]
   500 | D:1      | Reached XP level 2. HP: 17/19 MP: 5/5
   812 | D:1      | Found a faded altar of an unknown god.
   875 | D:1      | Reached skill level 1 in Short Blades
  1113 | D:1      | Learned a level 2 spell: Ensorcelled Hibernation
  2137 | D:2      | Succumbed to an adder's poison

Illustrated notes

Levels and vault maps discovered:
D:1:      evilmike_arrival_plus, layout_loops_corners,
          dilly_ecumenical_altar_fadedgnrine
D:2:      layout_basic, st_stairs_9

Skill      XL: |  1  2 |
---------------+-------+-----
Stealth        | 3 |  3.2
Dodging        | 2 |  2.3
Short Blades   | 1 |  1.1
Spellcasting   | |  2.0
Hexes          | |  3.1

Action                   || total
-------------------------++-------
Melee: Dagger            ||    83
 Cast: Ensorcelled Hiber ||     5
  Use: Scroll            ||     4
 Stab: Sleeping          ||     5
       Distracted        ||     1
Armor: Robe              ||    15
Dodge: Dodged            ||    74
